Map: Golden Wall LE

Players

Torn

  • Race: Terran Terran
  • League: Diamond
  • Spawn Location: 5:00

CharactR - Winner!

  • Race: Terran Terran
  • League: Diamond
  • Spawn Location: 7:00

VOD

Have the link to the VOD?

Description

Time

  • Played on: May 16, 2020, 3:10 p.m.
  • Length: 9:58
Show
View Real Time Build Order
Export as new Build Order

Torn Terran 

Build Orders: 1/1/1 

Get SALT Encoding   

  12  0:00  SCV  
  13  0:12  SCV  
  14  0:18  Supply Depot  
  14  0:25  SCV  
  14  0:28  Refinery  
  15  0:40  SCV  
  16  0:45  Barracks  
  16  0:52  SCV  
  17  0:58  Refinery  
  17  1:06  SCV  
  18  1:18  SCV  
  19  1:30  SCV  
  19  1:32  Reaper  
  21  1:36  Factory  
  21  1:43  Orbital Command  
  21  1:58  Supply Depot  
  21  2:04  Reaper  
  22  2:12  SCV  
  23  2:21  Hellion  
  25  2:23  Starport  
  25  2:34  SCV  
  25  2:36  Reaper  
  27  2:37  Supply Depot  
  27  2:42  Hellion  
  29  2:47  SCV  
  32  3:05  Hellion  
  32  3:07  Viking  
  32  3:10  SCV  
  35  3:14  Supply Depot  
  35  3:15  Barracks Reactor  
  35  3:32  Factory Tech Lab  
  32  3:57  SCV  
  33  4:11  Command Center, Marine x2  
  33  4:14  Siege Tank  
  38  4:28  SCV  
  39  4:32  Marine x2  
  41  4:43  Viking  
  43  4:51  Marine x2  
  45  4:54  SCV  
  46  5:04  Supply Depot  
  46  5:06  SCV  
  47  5:22  Marine x2  
  47  5:33  Viking  
  47  5:35  SCV  
  51  5:39  Siege Tank  
  53  5:44  Barracks  
  53  5:45  Barracks  
  53  5:48  Marine x2  
  55  5:50  SCV  
  55  5:54  Orbital Command  
  56  6:03  SCV  
  57  6:14  Viking  
  57  6:15  SCV  
  57  6:16  Marine x2  
  62  6:27  SCV  
  56  6:39  SCV  
  57  6:43  Siege Tank  
  57  6:44  Viking, Marine x2  
  57  6:45  SCV  
  65  6:47  Marine x2  
  65  6:52  SCV  
  68  7:13  Marine x2  
  70  7:19  Supply Depot x2  
  70  7:28  Marine x2  
  70  7:29  Viking  
  69  7:33  Marine x2  
  64  7:46  Cyclone  
  67  7:51  Marine  
  67  7:52  Marine x3  
  71  8:09  Marine x2  
  38  8:32  Marine x4  
  26  8:45  SCV x2  
  25  8:49  Marine  
  25  8:50  Marine x3  
  25  8:51  Viking  
  25  8:52  Siege Tank  
  34  8:57  SCV  
  34  9:02  Starport  
  35  9:06  SCV  
  35  9:07  Marine x2  
  35  9:08  Marine x2  
  35  9:09  SCV  
  41  9:21  Engineering Bay  
  41  9:25  Viking, Marine x3  
  41  9:26  Marine  
Show
View Real Time Build Order
Export as new Build Order

CharactR Terran - Winner!

Build Orders:  

Get SALT Encoding   

  12  0:01  SCV  
  13  0:15  SCV  
  13  0:18  Supply Depot  
  14  0:27  SCV  
  15  0:37  Refinery  
  15  0:43  Barracks  
  15  0:47  SCV  
  16  0:59  SCV, Refinery  
  18  1:11  SCV  
  18  1:23  SCV  
  19  1:31  Factory  
  19  1:35  Barracks Tech Lab  
  19  1:40  Orbital Command  
  19  1:54  Supply Depot  
  19  2:02  Barracks Reactor  
  19  2:06  SCV  
  20  2:23  Siege Tank  
  23  2:33  Starport  
  23  2:38  Marine x2  
  23  2:40  SCV  
  26  2:49  Supply Depot  
  26  2:55  Siege Tank  
  26  2:56  Marine x2  
  31  3:14  Marine x2  
  33  3:28  Starport Reactor  
  33  3:29  Siege Tank  
  33  3:31  Marine  
  33  3:32  Marine  
  38  3:49  Marine  
  27  4:04  Siege Tank  
  27  4:05  SCV  
  27  4:09  Marine x2  
  33  4:11  Viking  
  35  4:17  SCV  
  35  4:18  Viking  
  38  4:28  Marine x2  
  40  4:34  SCV  
  41  4:41  Liberator  
  44  4:47  SCV  
  44  4:49  Supply Depot  
  45  5:02  Marine x2  
  45  5:30  Siege Tank  
  45  5:31  Viking x2  
  45  5:35  Marine x2  
  54  5:45  SCV  
  55  6:20  Supply Depot  
  55  6:28  SCV, Marine  
  55  6:34  Viking  
  55  6:41  Viking, SCV, Marine, Siege Tank  
  62  7:03  Liberator  
  65  7:15  Viking  
  65  7:33  Marine x2  
  67  7:37  Siege Tank  
  68  7:45  Viking  
  70  8:00  Marine  
  71  8:13  Marine  
  70  8:21  Viking  
  44  8:40  Marine x2  
  42  8:42  Siege Tank  
  42  8:44  Viking  
  42  8:47  SCV  
  48  8:51  Command Center  
  48  8:53  Barracks  
  48  8:55  Supply Depot, Barracks  
  48  8:56  Supply Depot  
  48  8:59  Barracks  
  48  9:14  Siege Tank  
  51  9:23  Marine x2  
  53  9:26  SCV  
Tags
 
Matchup
TvT
Opening
1/1/1
Race
Terran
Spawn Locations
Close Positions
Add a new tag
Caveats
  • Supply blocks, unpowered buildings, or Contaminate may cause inaccurate times.
  • Supply counts are checked every 10 seconds.